Map: Triton LE

Players

pHARM

  • Race: Zerg Zerg
  • League: Platinum
  • Spawn Location: 11:00

kyara - Winner!

  • Race: Terran Terran
  • Spawn Location: 5:00

VOD

Have the link to the VOD?

Description

Time

  • Played on: Sept. 2, 2019, 7:42 p.m.
  • Length: 10:28
Show
View Real Time Build Order
Export as new Build Order

pHARM Zerg 

Build Orders: Hatch First 

Get SALT Encoding   

  12  0:01  Drone  
  13  0:13  Overlord  
  13  0:19  Drone  
  14  0:31  Drone x2  
  16  0:50  Hatchery  
  16  0:55  Drone  
  16  0:57  Drone  
  16  1:00  Drone  
  18  1:17  Spawning Pool  
  17  1:19  Drone  
  17  1:20  Drone  
  19  1:32  Drone  
  20  1:43  Extractor  
  20  1:44  Drone  
  20  1:54  Overlord  
  20  2:05  Queen x2  
  20  2:06  Zergling x2  
  20  2:07  Zergling x2  
  26  2:16  Drone x2  
  27  2:42  Drone x4  
  31  2:46  Drone  
  31  2:47  Drone  
  33  2:56  Queen  
  35  3:03  Pneumatized Carapace  
  35  3:04  Overlord x2  
  35  3:10  Drone  
  36  3:19  Evolution Chamber  
  35  3:21  Baneling Nest, Drone  
  35  3:22  Drone  
  35  3:23  Drone  
  35  3:24  Roach Warren  
  36  3:46  Zerg Melee Weapons Level 1  
  36  3:50  Drone x5  
  36  3:51  Drone x3  
  44  4:10  Extractor x2  
  44  4:12  Lair  
  44  4:16  Drone x9  
  51  4:26  Overlord  
  51  4:34  Hatchery  
  50  4:49  Evolution Chamber  
  49  4:53  Zergling x2  
  49  4:54  Zergling x14  
  31  5:15  Drone x4  
  32  5:25  Drone x4  
  32  5:26  Queen x2  
  40  5:39  Metabolic Boost  
  40  5:54  Drone x6  
  46  6:27  Drone x4  
  46  6:28  Drone x7  
  53  7:03  Baneling x15  
  53  7:04  Zergling x24  
  61  7:50  Hatchery  
  60  7:57  Overlord x2  
  60  8:22  Drone  
  60  8:23  Drone x10  
  71  8:28  Extractor  
  71  8:29  Extractor  
  71  8:30  Spore Crawler, Spine Crawler  
  71  8:31  Spine Crawler  
  66  8:54  Baneling x17  
  66  9:02  Zergling x18  
  72  9:18  Zergling x4  
  74  9:47  Baneling x17  
  74  9:52  Zergling x4  
  76  9:54  Overlord x3  
Show
View Real Time Build Order
Export as new Build Order

kyara Terran - Winner!

Build Orders: Gas First Reaper Expand 

Get SALT Encoding   

  12  0:01  SCV  
  13  0:13  SCV  
  14  0:17  Supply Depot  
  14  0:25  SCV  
  15  0:29  Refinery  
  15  0:39  SCV  
  16  0:45  Barracks  
  16  0:51  SCV  
  17  1:03  SCV  
  18  1:15  SCV  
  19  1:31  Orbital Command  
  19  1:32  Reaper  
  20  1:44  Command Center  
  20  1:56  Factory  
  20  1:57  SCV  
  21  2:09  SCV, Barracks Reactor, Refinery  
  22  2:17  Supply Depot  
  22  2:21  SCV  
  23  2:39  SCV  
  24  2:46  Marine x2  
  26  2:55  SCV  
  26  2:56  Orbital Command  
  27  3:00  Starport  
  27  3:04  Marine x2  
  29  3:07  SCV  
  30  3:14  Factory Tech Lab  
  30  3:19  SCV  
  31  3:22  Marine x2, SCV  
  34  3:31  SCV  
  34  3:34  SCV  
  36  3:36  Medivac  
  36  3:40  Marine x2  
  40  3:41  Supply Depot  
  40  3:42  Factory Tech Lab  
  40  3:47  SCV x2  
  42  3:59  SCV x2  
  44  4:07  Barracks, Starport Reactor  
  44  4:08  Barracks  
  44  4:09  Stimpack  
  44  4:16  SCV  
  44  4:17  SCV  
  46  4:18  Siege Tank  
  46  4:22  Marine  
  50  4:28  Supply Depot  
  50  4:29  SCV x2  
  52  4:31  Engineering Bay  
  52  4:33  Engineering Bay  
  52  4:41  SCV x2  
  54  4:50  Marine  
  55  5:01  Marine x2  
  55  5:02  Barracks Reactor  
  55  5:05  Siege Tank  
  57  5:21  SCV x2  
  52  5:22  Marine x2  
  52  5:26  Medivac x2  
  52  5:27  Supply Depot  
  52  5:28  Supply Depot  
  58  5:33  SCV  
  58  5:34  SCV  
  60  5:39  Marine x2, Supply Depot x2  
  62  5:45  Command Center  
  62  5:46  Terran Infantry Weapons Level 1  
  62  5:47  Marine, Terran Infantry Armor Level 1  
  62  5:49  SCV  
  64  5:50  SCV  
  65  6:02  SCV, Refinery  
  65  6:04  Refinery  
  66  6:05  Marine x4  
  66  6:06  Marine  
  71  6:12  Combat Shield  
  71  6:24  SCV x2  
  73  6:28  Marine  
  73  6:29  Marine x3, Supply Depot  
  73  6:30  Marine, Barracks  
  78  6:35  Armory  
  78  6:39  SCV x2  
  78  7:01  Marine x4  
  78  7:02  Marine  
  78  7:03  SCV x2  
  85  7:16  SCV x2  
  85  7:18  Medivac x2  
  85  7:21  Command Center  
  83  7:47  Marine x3, SCV x2  
  83  7:48  Marine x2  
  83  7:50  Barracks Tech Lab  
  90  7:52  Concussive Shells  
  90  7:56  Terran Infantry Armor Level 2, Terran Infantry Weapons Level 2  
  89  8:02  Command Center  
  89  8:07  Medivac  
  89  8:10  Marine x3  
  89  8:11  Marine x3  
  97  8:18  SCV x2  
  99  8:28  Marine  
  99  8:32  Siege Tank  
  102  8:48  Marine x2  
  102  8:49  Marine, Marauder  
  102  8:50  Marauder  
  106  9:04  Siege Tank  
  109  9:11  Marine, SCV x2  
  109  9:12  Marine x2  
  109  9:13  Marine, Marauder  
  109  9:14  Marauder  
  119  9:34  Marine x3  
  119  9:35  Marine, Marauder  
  125  9:43  SCV x2  
  131  10:04  Barracks  
  131  10:05  Barracks  
  131  10:06  Barracks  
  131  10:08  Supply Depot  
  131  10:09  Supply Depot  
Tags
 
Add a new tag
Caveats
  • Supply blocks, unpowered buildings, or Contaminate may cause inaccurate times.
  • Supply counts are checked every 10 seconds.